 Dungeon Crawl Stone Soup version 0.30-a0-782-ge64f9170bb (webtiles) character file.

Game seed: 17643761974221297066

23 Mickster the Sneak (level 2, 0/20 HPs)
             Began as a Demigod Enchanter on Feb 19, 2023.
             Slain by a gnoll
             ... wielding a +0 spear
              (9 damage)
             ... on level 2 of the Dungeon.
             The game lasted 00:12:22 (1029 turns).

Mickster the Sneak (Demigod Enchanter)              Turns: 1029, Time: 00:12:22

Health: 0/20       AC:  3    Str:  9    XL:     2   Next: 54%
Magic:  7/7        EV: 10    Int: 17    God:
Gold:   87         SH:  0    Dex: 14    Spells: 4/4 levels left

rFire   . . .      SeeInvis .    g - +2 short sword (venom)
rCold   . . .      Faith    .    (no shield)
rNeg    . . .      Spirit   .    k - +0 ring mail
rPois   .          Reflect  .    (no helmet)
rElec   .          Harm     .    (no cloak)
rCorr   .          Rampage  .    j - +0 pair of gloves
Will    .....                    (no boots)
Stlth   ++                       (no amulet)
HPRegen 0.23/turn                (no ring)
MPRegen 0.10/turn                (no ring)

@: no status effects
A: high MP 1, forlorn, divine attributes, deformed body, subdued magic 1
a: no special abilities


You were on level 2 of the Dungeon.
You visited 1 branch of the dungeon, and saw 2 of its levels.

You collected 87 gold pieces.

Inventory:

Hand Weapons
 a - a +1 dagger
 d - a +0 dagger
 f - a +0 whip
 g - a +2 short sword of venom (weapon)
Missiles
 e - 5 stones
 i - 5 poisoned darts (quivered)
Armour
 b - a +0 robe
 j - a +0 pair of gloves (worn)
 k - a +0 ring mail (worn)
Scrolls
 h - a scroll of fog
Potions
 c - a potion of invisibility


   Skills:
 * Level 1.4 Short Blades
 + Level 2.0 Dodging
 + Level 2.9 Stealth
 + Level 1.9 Spellcasting
 + Level 2.9 Hexes


You had 4 spell levels left.
You didn't know any spells.
Your spell library contained the following spells:

 Spells                   Type           Power      Damage    Failure   Level
 Ensorcelled Hibernation  Hex/Ice        10%        N/A       36%         2
 Confusing Touch          Hex            8%         N/A       38%         3
 Tukima's Dance           Hex            8%         N/A       38%         3
 Dazzling Flash           Conj/Hex       10%        N/A       61%         3


Dungeon Overview and Level Annotations

Branches:
Dungeon (2/15)


Innate Abilities, Weirdness & Mutations

You have an increased reservoir of magic. (+10% MP)
You shall have no god before yourself.
Your divine heritage dramatically boosts your attributes as you level up.
Armour fits poorly on your strangely shaped body.
Your spells are a little easier to cast, but a little less powerful.


Message History

The ball python bites you but does no damage.
The ball python closely misses you.
You see here a +0 dagger.
You hit the ball python.
The ball python is poisoned.
The ball python is severely wounded.
You kill the ball python!
You see here a ball python corpse.
You see here a +0 dagger.
You see here a +0 dagger.
You open the door.
There is an open door here.
You open the door.
There is an open door here.
A hobgoblin comes into view.
The hobgoblin shouts!
The hobgoblin barely misses you.
You barely miss the hobgoblin. The hobgoblin hits you.
You hit the hobgoblin.
The hobgoblin is poisoned.
The hobgoblin is severely wounded.
The hobgoblin hits you but does no damage.
You barely miss the hobgoblin.
The hobgoblin is severely wounded.
The hobgoblin hits you.
You hit the hobgoblin but do no damage.
The hobgoblin looks as sick as possible!
The hobgoblin is almost dead.
You kill the hobgoblin!
Found 7 gold pieces.
You now have 87 gold pieces (gained 7).
You see here a +0 whip.
A gnoll comes into view.
It is wielding a +2 whip of electrocution.
A gnoll comes into view. It is wielding a +0 halberd.
The gnoll shouts!
A gnoll comes into view. It is wielding a +0 spear.
The gnoll hits you with a +2 whip of electrocution.
The gnoll hits you from afar with a +0 halberd.
The gnoll barely misses you. The gnoll hits you with a +0 halberd!
You hit the gnoll but do no damage.
The gnoll is poisoned.
The gnoll hits you from afar with a +0 spear!
You die...

#.#..#.###.......##
#.##.#.# ##.....##
#.##.#.# ##...##
#.#..#.# ##'##
#.#.##.# #.#
#.#.##.# ##.#####
#......# #......#
###g#### ##...##.#
#@# #....†#.## #g#
##...).... #g#
#..#.#.## #..
#.##.#.# ### ...
....# ##########


You could see 3 gnolls.

Vanquished Creatures
  A ball python (D:2)
  An endoplasm (D:1)
  3 goblins (D:1)
  5 hobgoblins
  4 kobolds
  A quokka (D:1)
  A bat (D:1)
  3 rats
19 creatures vanquished.

Notes
Turn   | Place    | Note
-------+----------+-------------------------------------------
     0 | D:1      | Mickster the Demigod Enchanter began the quest for the Orb.
     0 | D:1      | Reached XP level 1. HP: 14/14 MP: 5/5
   374 | D:1      | Reached skill level 1 in Short Blades
   589 | D:1      | Reached XP level 2. HP: 20/20 MP: 7/7
   887 | D:2      | Gained mutation: Armour fits poorly on your strangely
                  | shaped body. [potion of mutation]
   887 | D:2      | Gained mutation: Your spells are a little easier to cast,
                  | but a little less powerful. [potion of mutation]
  1029 | D:2      | Slain by a gnoll

Illustrated notes

Levels and vault maps discovered:
D:1:      onia_arrival_pyramid, layout_loops_cross,
          shapermc_ecumenical_altar_flowoftime, chequers_serial_rivers_micro_e
D:2:      layout_loops_corners, basic_altar, minmay_fractal_squares_5,
          uniq_robin

Skill      XL: |  1 |
---------------+----+-----
Short Blades   | 1 |  1.4
Dodging        | 2 |  2.0
Stealth        | |  2.9
Spellcasting   | |  1.9
Hexes          | |  2.9

Action                     || total
---------------------------++-------
  Melee: Dagger            ||    49
         Short sword       ||    14
  Throw: Stone             ||     3
    Use: Scroll            ||     4
         Potion            ||     2
   Stab: Sleeping          ||     1
 Armour: Robe              ||     2
         Ring mail         ||     4
  Dodge: Dodged            ||    24

Table legend: (Time is in decaauts)
 A = Elapsed time spent in this place.
 B = Non-inter-level travel time spent in this place.
 C = Inter-level travel time spent in this place.
 D = Time resting spent in this place.
 E = Time spent auto-exploring this place.
 F = Levels seen in this place.
 G = Mean time per level.
                   A        B        C        D        E       F      G
               +--------+--------+--------+--------+--------+-----+--------+
         Total |   1024 |    994 |     30 |    406 |      0 |   2 |  512.0 |
       Dungeon |   1024 |    994 |     30 |    406 |      0 |   2 |  512.0 |
               +--------+--------+--------+--------+--------+-----+--------+

Top non-repeatable levels by time:
     D:1: 812 daAuts
     D:2: 212 daAuts
